 Dungeon Crawl Stone Soup version 0.29-a0-322-g68df515428 (webtiles) character file.

Game seed: 10635419078332070793

3222 Jortsu the Covert (level 9, 0/62 HPs)
             Began as an Octopode Monk on Apr 9, 2022.
             Was an Elder of Fedhas.
             Slain by a gnoll sergeant
             ... wielding a +2 trident of pain
              (9 damage)
             ... on level 8 of the Dungeon.
             The game lasted 00:15:37 (6960 turns).

Jortsu the Covert (Octopode Monk)                   Turns: 6960, Time: 00:15:37

Health: 0/62       AC:  2    Str: 20    XL:     9   Next: 98%
Magic:  0/9        EV: 19    Int: 22    God:    Fedhas [****..]
Gold:   370        SH:  0    Dex: 14    Spells: 8/8 levels left

rFire   . . .      SeeInvis .   p - +4 scimitar of the Secret Visions {spect, rC+++ Int+3}
rCold   + + +      Faith    .   (no shield)
rNeg    + . .      Spirit   +   c - +1 hat
rPois   .          Reflect  .   n - amulet of guardian spirit
rElec   .          Harm     .   g - +6 ring of strength
rCorr   .          Rampage  .   h - ring of positive energy
Will    .....                   o - ring of wizardry
Stlth   ++++++....              q - +6 ring of intelligence
HPRegen 0.20/turn               r - +4 ring of evasion
MPRegen 0.11/turn               (no ring)
                                (no ring)
                                (no ring)

@: lethally poisoned (0 -> -7)
A: almost no armour, amphibious, 8 rings, camouflage 1, gelatinous body 1,
(nimble swimmer 1), tentacles
a: Renounce Religion, Wall of Briars, Grow Ballistomycete, Overgrow


You were on level 8 of the Dungeon.
You worshipped Fedhas.
Fedhas was greatly pleased with you.
You visited 1 branch of the dungeon, and saw 8 of its levels.

You collected 370 gold pieces.

Inventory:

Hand Weapons
 a - a +0 falchion
 p - the +4 scimitar of the Secret Visions (weapon) {spect, rC+++ Int+3}
   (You acquired it on level 4 of the Dungeon)

   When its wielder attacks, the weapon's spirit leaps out and strikes again.
   The spirit shares a part of any damage it takes with its wielder.
   Int:       It affects your intelligence (+3).
   rC:        It renders you almost immune to cold.
Missiles
 w - a throwing net (quivered)
Armour
 c - a +1 hat (worn)
Jewellery
 g - a +6 ring of strength (left tentacle)
 h - a ring of positive energy (right tentacle)
 n - an amulet of guardian spirit (around mantle)
 o - a ring of wizardry (on tentacle)
 q - a +6 ring of intelligence (on tentacle)
 r - a +4 ring of evasion (on tentacle)
Wands
 t - a wand of flame (19)
 v - a wand of acid (9)
Scrolls
 i - 2 scrolls of fog
 j - a scroll of immolation
 l - 2 scrolls of magic mapping
Potions
 b - a potion of ambrosia
 d - a potion of berserk rage
 e - 4 potions of curing
 f - a potion of heal wounds
 k - 2 potions of flight
 s - a potion of invisibility
 u - a potion of mutation
 x - a potion of lignification {unknown}
 A - a potion of might {unknown}
 B - 2 potions of resistance {unknown}


   Skills:
 + Level 5.9 Fighting
 + Level 10.0 Long Blades
 + Level 5.3 Dodging
 + Level 10.6 Stealth


You had 8 spell levels left.
You didn't know any spells.
Your spell library contained the following spells:

 Spells                   Type           Power      Damage    Failure   Level
 Beastly Appendage        Tmut           0%         N/A       7%          1
 Sting                    Tmut/Pois      0%         1d3       7%          1
 Poisonous Vapours        Pois/Air       0%         N/A       11%         2
 Wereblood                Tmut           0%         N/A       11%         2
 Ignite Poison            Fire/Tmut/Pois 0%         N/A       21%         3
 Mephitic Cloud           Conj/Pois/Air  0%         N/A       21%         3
 Spider Form              Tmut/Pois      0%         N/A       21%         3
 Fulminant Prism          Conj/Hex       0%         3d6       52%         4
 Iskenderun's Mystic Bla  Conj/Tloc      0%         2d3       52%         4
 Olgreb's Toxic Radiance  Pois           0%         N/A       52%         4
 Freezing Cloud           Conj/Ice/Air   0%         6-21      86%         5
 Lee's Rapid Deconstruct  Erth           0%         3d5*      86%         5


Dungeon Overview and Level Annotations

Branches:
Dungeon (8/15)             Temple (0/1) D:7
   Lair: D:8-11

Altars:
Fedhas
Makhleb
Qazlal
Vehumet
Yredelemnul


Innate Abilities, Weirdness & Mutations

You cannot wear most types of armour.
You are amphibious.
You can wear up to eight rings at the same time.
Your skin changes colour to match your surroundings (Stealth+).
Your rubbery body absorbs attacks. (AC +1, EV +1)
((You are camouflaged when in or above water. (Stealth+)))
You have tentacles for arms and can constrict up to eight enemies at once.


Message History

You tentacle-slap the gnoll, but do no damage.
You squeeze the gnoll.
The gnoll is lightly wounded.
Your +4 scimitar of the Secret Visions {spect, rC+++ Int+3} hits the gnoll!
You kill the gnoll!
Fedhas appreciates your contribution to the ecosystem.
The water moccasin bites you.
The gnoll hits you from afar with a +0 spear.
The gnoll sergeant hits you from afar with a +2 trident of pain!
The orc closely misses you.
You hit the orc. You grab the orc.
The orc is heavily wounded.
Your +4 scimitar of the Secret Visions {spect, rC+++ Int+3} hits the orc.
You kill the orc!
Fedhas appreciates your contribution to the ecosystem.
The water moccasin bites you but does no damage.
The gnoll misses you.
The gnoll sergeant hits you from afar with a +2 trident of pain!
The water moccasin bites you.
You are poisoned.
The water moccasin poisons you!
You slash the water moccasin! Your grab misses the water moccasin.
The water moccasin is moderately wounded.
Your +4 scimitar of the Secret Visions {spect, rC+++ Int+3} hits the water moccasin!!
You kill the water moccasin!
Fedhas appreciates your contribution to the ecosystem.
You feel very sick.
The gnoll sergeant hits you from afar with a +2 trident of pain.
* * * LOW HITPOINT WARNING * * *
The gnoll misses you.
Your Long Blades skill increases to level 10!
* * * LOW HITPOINT WARNING * * *
You feel very sick. The gnoll sergeant barely misses you.
There is a stone staircase leading up here.
* * * LOW HITPOINT WARNING * * *
You feel sick.
The gnoll sergeant hits you from afar with a +2 trident of pain!
You die...
Fedhas appreciates your contribution to the ecosystem.

..........#
#.........# .
..........#
..
##........##.
............
. ##...[....#
..
.......g)g#.#
#.....)ยง"..#
#.....@..#.#
######+###


You could see a gnoll sergeant and a gnoll.

Vanquished Creatures
  A two-headed ogre (D:7)
  Joseph (D:7)
  Edmund (D:5)
  2 water moccasins
  3 sky beasts
  An orc warrior (D:7)
  A black bear (D:6)
  4 ogres
  A centaur (D:7)
  A necrophage (D:4)
  3 scorpions
  6 orc priests
  3 hounds
  Crazy Yiuf (D:5)
  3 iron imps (D:6)
  Jessica (D:2)
  5 orc wizards
  Ijyb (D:5)
  An iguana (D:5)
  8 adders
  8 gnolls
  A shadow imp (D:7)
  2 white imps
  2 ufetubi
  3 worms
  5 dart slugs
  13 orcs
  2 bats
  8 endoplasms
  4 giant cockroaches
  4 goblins (D:1)
  7 hobgoblins
  4 jackals (D:4)
  10 kobolds
  8 ball pythons
  3 frilled lizards
  3 rats (D:1)
135 creatures vanquished.

Notes
Turn   | Place    | Note
-------+----------+-------------------------------------------
     0 | D:1      | Jortsu the Octopode Monk began the quest for the Orb.
     0 | D:1      | Reached XP level 1. HP: 16/16 MP: 1/1
   181 | D:1      | Reached XP level 2. HP: 21/21 MP: 2/2
   496 | D:1      | Reached XP level 3. HP: 24/26 MP: 3/3
   863 | D:2      | Noticed Jessica
   882 | D:2      | Killed Jessica
   883 | D:2      | Reached XP level 4. HP: 28/31 MP: 4/4
  1481 | D:2      | Found a faded altar of an unknown god.
  1635 | D:2      | Prayed at the altar of an unknown god.
  1635 | D:2      | Became a worshipper of Fedhas Madash
  1635 | D:2      | Reached * piety under Fedhas
  1635 | D:2      | Reached ** piety under Fedhas
  1933 | D:3      | You fall into a shaft and drop 3 floors!
  1937 | D:6      | Reached XP level 5. HP: 34/36 MP: 5/5
  2000 | D:6      | Reached *** piety under Fedhas
  2087 | D:6      | Noticed an ogre
  2128 | D:6      | Found a burning altar of Makhleb.
  2197 | D:5      | Entered Level 5 of the Dungeon
  2308 | D:4      | Reached skill level 5 in Stealth
  3065 | D:4      | Reached XP level 6. HP: 43/43 MP: 6/6
  3345 | D:4      | Found a stormy altar of Qazlal.
  3496 | D:4      | Reached skill level 5 in Long Blades
  4014 | D:4      | Identified a scroll of acquirement
  4015 | D:4      | Acquired the +4 scimitar of the Secret Visions {spect,
                  | rC+++ Int+3}
  4064 | D:5      | Reached XP level 7. HP: 47/47 MP: 7/7
  4176 | D:5      | Noticed Edmund
  4182 | D:5      | Killed Edmund
  4581 | D:5      | Reached XP level 8. HP: 42/54 MP: 5/8
  4751 | D:5      | Noticed Ijyb
  4756 | D:5      | Killed Ijyb
  4908 | D:5      | Found a runed translucent door.
  4909 | D:5      | Noticed Crazy Yiuf
  4917 | D:5      | Killed Crazy Yiuf
  5051 | D:6      | Reached **** piety under Fedhas
  5516 | D:6      | Found a radiant altar of Vehumet.
  5778 | D:7      | Found a basalt altar of Yredelemnul.
  5969 | D:7      | Reached skill level 5 in Fighting
  6025 | D:7      | Found a staircase to the Ecumenical Temple.
  6184 | D:7      | Reached XP level 9. HP: 60/61 MP: 9/9
  6232 | D:7      | Noticed Joseph
  6239 | D:7      | Killed Joseph
  6327 | D:7      | Reached skill level 5 in Dodging
  6715 | D:7      | Noticed a two-headed ogre
  6721 | D:7      | Killed a two-headed ogre
  6722 | D:7      | Reached skill level 10 in Stealth
  6959 | D:8      | Reached skill level 10 in Long Blades
  6960 | D:8      | Slain by a gnoll sergeant

Illustrated notes

Levels and vault maps discovered:
D:1:      shiori_shiawase, layout_basic, minmay_small_reverse_x
D:2:      layout_loops_ring, basic_ecumenical_altar, uniq_jessica
D:3:      layout_loops_ring
D:4:      layout_basic, grunt_qazlal_sundering, minivault_4
D:5:      layout_loops_ring, uniq_crazy_yiuf_cottage, uniq_ijyb, uniq_edmund
D:6:      layout_basic, mainiacjoe_overflow_six_doors_small, demons_altar
D:7:      layout_gridville, mainiacjoe_overflow_paths,
          minmay_temple_entry_slanted, uniq_joseph
D:8:      layout_basic, guppyfry_shop_venom

Skill      XL: |  1  2  3  4  5  6  7  8  9 |
---------------+----------------------------+-----
Stealth        | 3 4 5 6 7 8 10 | 10.6
Long Blades    | 4 5 6 8 10 | 10.0
Fighting       | 4 5 |  5.9
Dodging        | 4 5 |  5.3

Action                   |  1- 3 |  4- 6 |  7- 9 || total
-------------------------+-------+-------+-------++-------
Melee: Falchion          |    44 |   104 |       ||   148
       Tentacles         |     8 |    20 |    13 ||    41
       Constrict         |     9 |    26 |    19 ||    54
       Punch             |       |     3 |     3 ||     6
       Scimitar          |       |     2 |    85 ||    87
  Use: Scroll            |     4 |     9 |     6 ||    19
 Stab: Sleeping          |    10 |    17 |    10 ||    37
       Distracted        |       |       |     2 ||     2
Armor: Skin              |     5 |     5 |     5 ||    15
Dodge: Dodged            |    19 |    62 |    47 ||   128

Table legend: (Time is in decaauts)
 A = Elapsed time spent in this place.
 B = Non-inter-level travel time spent in this place.
 C = Inter-level travel time spent in this place.
 D = Time resting spent in this place.
 E = Time spent auto-exploring this place.
 F = Levels seen in this place.
 G = Mean time per level.
                   A        B        C        D        E       F      G
               +--------+--------+--------+--------+--------+-----+--------+
         Total |   6977 |   6769 |    208 |   1088 |   4178 |   8 |  872.1 |
       Dungeon |   6977 |   6769 |    208 |   1088 |   4178 |   8 |  872.1 |
               +--------+--------+--------+--------+--------+-----+--------+

Top non-repeatable levels by time:
     D:4: 1291 daAuts
     D:7: 1176 daAuts
     D:6: 1059 daAuts
     D:5: 999 daAuts
     D:2: 971 daAuts
     D:1: 815 daAuts
     D:3: 654 daAuts
     D:8: 9 daAuts
